 Dungeon Crawl Stone Soup version 0.23-a0-636-g0ff6057 (console) character file.

123 Duffy the Conjurer (level 4, 0/30 HPs)
             Began as a Demonspawn Fire Elementalist on Dec 28, 2018.
             Succumbed to an adder's poison
             ... on level 4 of the Dungeon.
             The game lasted 00:01:27 (731 turns).

Duffy the Conjurer (Demonspawn Fire Elementalist)    Turns: 731, Time: 00:01:27

Health: 0/30       AC:  6    Str:  8    XL:     4   Next: 80%
Magic:  1/7        EV: 11    Int: 17    God:
Gold:   29         SH:  0    Dex: 14    Spells: 3/7 levels left

rFire    . . .     SeeInvis .   d - +0 short sword
rCold    . . .     Gourm    .   (no shield)
rNeg     . . .     Faith    .   b - +0 acid dragon scales
rPois    .         Spirit   +   (no helmet)
rElec    .         Reflect  .   (no cloak)
rCorr    +         Harm     .   (no gloves)
MR       .....                  (no boots)
Stlth    +.........             (no amulet)
HPRegen  0.10/turn              (no ring)
MPRegen  0.10/turn              (no ring)

@: lethally poisoned (0 -> -8)
A: hooves 1, magic shield
a: no special abilities


You were on level 4 of the Dungeon.
You were not hungry.

You visited 2 branches of the dungeon, and saw 5 of its levels.

You collected 29 gold pieces.

Inventory:

Hand Weapons
 d - a +0 short sword (weapon)
Armour
 a - a +0 robe
 b - +0 acid dragon scales (worn)
Scrolls
 e - 2 scrolls of identify {unknown}
Comestibles
 c - 2 rations


   Skills:
 - Level 1.7 Dodging
 - Level 1.7 Stealth
 - Level 2.0 Spellcasting
 + Level 4.7 Conjurations
 - Level 2.6 Fire Magic


You had 3 spell levels left.
You knew the following spells:

 Your Spells              Type           Power        Failure   Level  Hunger
h - Flame Tongue          Conj/Fire      ##...        8%          1    #......
l - Conjure Flame         Conj/Fire      ##......     22%         3    ###....

Your spell library contained the following spells:

 Spells                   Type           Power        Failure   Level  Hunger
 Throw Flame              Conj/Fire      ##....       12%         2    ###....
 Inner Flame              Hex/Fire       #.......     52%         3    ###....
 Sticky Flame             Conj/Fire      ##......     58%         4    #####..
 Fireball                 Conj/Fire      ##........   91%         5    ######.


Dungeon Overview and Level Annotations

Branches:
Dungeon (4/15)             Temple (1/1) D:4

Altars:
Ashenzari
Cheibriados
Gozag
Makhleb
Nemelex Xobeh
Ru
Sif Muna
Trog
Uskayaw
Yredelemnul
Zin


Innate Abilities, Weirdness & Mutations

You have large cloven feet.
When hurt, damage is shared between your health and your magic reserves.


Message History

You hit the adder.
You kill the adder!
* * * LOW HITPOINT WARNING * * *
You feel sick.
You hit the orc but do no damage. Your kick misses the orc.
* * * LOW HITPOINT WARNING * * *
You feel sick. The orc hits you but does no damage.
You closely miss the orc.
* * * LOW HITPOINT WARNING * * *
You feel sick. The orc completely misses you.
You hit the orc.
The orc is heavily wounded.
The orc hits you but does no damage.
You hit the orc.
The orc is severely wounded.
* * * LOW HITPOINT WARNING * * *
You feel sick. The orc hits you but does no damage.
You hit the orc but do no damage. You kick the orc.
You kill the orc!
You die...

#. .. #.#.######.#
.#.......#..### <.##
.........#..... .....
#............. .....
(##.......#..... ....#
...............
###...#########.............
.........h)@................
..........######.....>.......
............#####.......#.....
...............##.......#.....
#....................####....%
.........>..........##########
............#...........# ###
#........##......####.####..
##........###.....###........


You could see a hound.

Vanquished Creatures
  2 scorpions (D:4)
  An adder (D:4)
  A worm (D:3)
  An orc (D:4)
  A hobgoblin (D:3)
  A jackal (D:3)
  2 quokkas
  A ball python (D:1)
  A kobold (D:3)
  4 rats (D:3)
15 creatures vanquished.

Notes
Turn   | Place    | Note
-------+----------+-------------------------------------------
     0 | D:1      | Duffy the Demonspawn Fire Elementalist began the quest for
                  | the Orb.
     0 | D:1      | Reached XP level 1. HP: 13/13 MP: 3/3
   198 | D:3      | Reached skill level 2 in Conjurations
   198 | D:3      | Gained mutation: You have large cloven feet. [demonic
                  | ancestry]
   198 | D:3      | Reached XP level 2. HP: 19/19 MP: 0/5
   337 | D:4      | Found a sacrificial altar of Ru.
   377 | D:4      | Noticed a scorpion
   383 | D:4      | Killed a scorpion
   383 | D:4      | Reached skill level 3 in Conjurations
   383 | D:4      | Reached XP level 3. HP: 14/24 MP: 0/6
   512 | D:4      | Learned a level 3 spell: Conjure Flame
   532 | D:4      | Found a staircase to the Ecumenical Temple.
   533 | D:4      | Noticed a scorpion
   541 | D:4      | Killed a scorpion
   541 | D:4      | Reached skill level 4 in Conjurations
   541 | D:4      | Gained mutation: When hurt, damage is shared between your
                  | health and your magic reserves. [demonic ancestry]
   541 | D:4      | Reached XP level 4. HP: 30/30 MP: 1/7
   548 | Temple   | Entered the Ecumenical Temple
   728 | D:4      | HP: 1/30 [poisoned by an adder]
   731 | D:4      | Succumbed to an adder's poison

Vault maps used:
D:1:      lightli_arrival_noodles, roderic_roman_lattice, minmay_hexomino_r4
D:2:      kennysheep_okawaru_gauntlet
D:3:      lemuel_crystal_altar, tgw_xom, uniq_ijyb
D:4:      nicolae_tso_besieged_by_evil, kennysheep_mini_moat,
          minmay_temple_entry_mini_moons
Temple:   eino_temple_lava

Skill      XL: |  1  2  3 |
---------------+----------+-----
Conjurations   | 2 3 4 |  4.7
Dodging        | |  1.7
Stealth        | |  1.7
Spellcasting   | |  2.0
Fire Magic     | |  2.6

Action                   |  1- 3 |  4- 6 || total
-------------------------+-------+-------++-------
Melee: Short sword       |     1 |     8 ||     9
       Kick              |       |     1 ||     1
 Cast: Flame Tongue      |    20 |     7 ||    27
       Conjure Flame     |     1 |       ||     1
 Stab: Sleeping          |     1 |       ||     1
Armor: Robe              |     1 |       ||     1
       Acid dragon scale |       |     4 ||     4
Dodge: Dodged            |     2 |    12 ||    14

Table legend:
 A = Non-vault XP
 B = Vault XP
 C = Vault XP percentage of total XP
 D = Non-vault monster count
 E = Vault monster count
 F = Vault count percentage of total count
                 A         B        C        D         E       F
            +---------+---------+-------+---------+---------+-------
      Total |     177 |       0 |   0.0 |      15 |       0 |   0.0
            +---------+---------+-------+---------+---------+-------
        D:1 |       1 |       0 |   0.0 |       1 |       0 |   0.0
        D:3 |      16 |       0 |   0.0 |       9 |       0 |   0.0
        D:4 |     160 |       0 |   0.0 |       5 |       0 |   0.0
            +---------+---------+-------+---------+---------+-------
